AoeStats
← Fries

Lombardia

509411255Analyzed
4v4 RM · 6d ago on Sep 26, 2026· 47m 40s· 8 players
Game mode
Random Map
Map size
Large (8 player)
Population
200
Speed
Normal
Resources
Standard
Victory
Conquest
Starting age
Dark Age
Ending age
Imperial Age
RankedLock teamsTeams togetherTeam positionsShared explorationLock speedFull tech treeHidden civsTurbo modeCheats
Victory
Defeat
🇹🇼 Mongols · Taiwan
1623
+14
🇹🇼 Slavs · Taiwan
1622
+14
1591
+16
🇹🇼 Persians · Taiwan
1560
+16
🇻🇳 Burgundians · Vietnam
1629
-17
🇹🇷 Lithuanians · Türkiye
1586
-15
🇲🇽 Britons · Mexico
1571
-15
🇲🇽 Huns · Mexico
1540
-13
再吵去東湖框你媽出場
7:11 Loom
10:48 Feudal Age
11:22 Double-Bit Axe
15:57 Castle Age
14:49 Horse Collar
17:00 Bow Saw
25:13 Imperial Age
22:48 Fletching
23:22 Padded Archer Armor
23:48 Gold Mining
23:48 Stone Mining
25:01 Wheelbarrow
25:05 Bodkin Arrow
27:05 Ballistics
27:26 Bracer
29:59 Two-Man Saw
30:02 Chemistry
30:31 Hand Cart
31:24 Town Watch
33:15 Leather Archer Armor
36:11 Elite Genoese Crossbowman
37:12 Treadmill Crane
37:43 Fortified Wall
38:17 Silk Road
38:52 Conscription
39:14 Town Patrol
42:08 Stone Shaft Mining
43:25 Ring Archer Armor
43:45 Thumb Ring
44:51 Caravan
45:21 Coinage
47:03 Hoardings
47:54 Banking
BøM_antihack.exe
6:36 Loom
9:31 Feudal Age
10:39 Double-Bit Axe
11:47 Horse Collar
19:54 Castle Age
21:12 Bow Saw
21:04 Heavy Plow
22:24 Wheelbarrow
28:12 Fletching
30:00 Gold Mining
30:33 Stone Mining
31:11 Fortified Wall
34:41 Imperial Age
33:04 Bodkin Arrow
34:24 Ballistics
35:32 Bracer
36:18 Padded Archer Armor
37:19 Leather Archer Armor
37:16 Bloodlines
37:09 Husbandry
37:58 Bloodlines
37:34 Crossbowman
38:19 Thumb Ring
38:41 Parthian Tactics
39:31 Chemistry
39:30 Conscription
40:34 Elite Mangudai
41:38 Caravan
48:13 Drill
47:59 Siege Engineers
Fries
7:16 Loom
9:46 Feudal Age
15:20 Castle Age
14:10 Double-Bit Axe
23:50 Wheelbarrow
24:32 Horse Collar
28:27 Bow Saw
28:28 Heavy Plow
29:04 Hand Cart
29:09 Caravan
32:54 Stone Mining
32:54 Gold Mining
36:55 Imperial Age
35:13 Scale Barding Armor
36:23 Bloodlines
36:13 Husbandry
36:37 Chain Barding Armor
36:28 Forging
37:37 Conscription
37:54 Plate Barding Armor
38:49 Iron Casting
38:44 Cavalier
42:57 Blast Furnace
43:32 Light Cavalry
46:35 Devotion
BøM_Sheuu
9:11 Loom
11:13 Feudal Age
12:12 Double-Bit Axe
15:23 Castle Age
14:12 Horse Collar
17:24 Bow Saw
22:52 Heavy Plow
24:59 Wheelbarrow
24:40 Town Watch
25:37 Gold Mining
25:50 Stone Mining
26:57 Gold Shaft Mining
27:05 Hand Cart
29:10 Detinets
32:13 Imperial Age
30:51 Scale Barding Armor
31:38 Ballistics
32:15 Chain Barding Armor
32:06 Forging
32:08 Bloodlines
31:58 Husbandry
33:30 Conscription
32:54 Elite Boyar
34:21 Plate Barding Armor
34:22 Iron Casting
35:32 Caravan
37:05 Blast Furnace
37:12 Chemistry
38:16 Fletching
38:38 Masonry
41:58 Hoardings
42:58 Herbal Medicine
44:19 Siege Engineers
ArNuL
2:50 Loom
10:09 Feudal Age
10:41 Double-Bit Axe
10:42 Horse Collar
15:27 Forging
19:44 Castle Age
18:39 Bloodlines
18:33 Gold Mining
19:20 Scale Barding Armor
20:42 Bow Saw
21:39 Wheelbarrow
21:21 Town Watch
22:42 Heavy Plow
22:50 Stone Mining
24:48 Husbandry
26:13 Chain Barding Armor
27:48 Hand Cart
28:51 Fletching
29:02 Padded Archer Armor
29:10 Elite Skirmisher
29:47 Bodkin Arrow
30:43 Leather Archer Armor
33:10 Imperial Age
33:01 Thumb Ring
34:11 Ballistics
34:52 Chemistry
33:53 Bracer
34:55 Two-Man Saw
35:31 Scale Mail Armor
36:07 Iron Casting
35:35 Squires
34:56 Pikeman
36:14 Conscription
36:15 Halberdier
37:21 Chain Mail Armor
37:56 Parthian Tactics
36:52 Heavy Cavalry Archer
39:27 Gold Shaft Mining
43:08 Blast Furnace
[VL] Shile Shilaca 8.80
7:04 Loom
9:20 Feudal Age
12:34 Fletching
21:22 Castle Age
20:18 Double-Bit Axe
20:24 Gold Mining
21:34 Crossbowman
23:16 Bow Saw
23:42 Bodkin Arrow
32:43 Imperial Age
31:53 Ballistics
32:51 Arbalester
34:31 Bracer
35:42 Pikeman
37:12 Wheelbarrow
37:43 Squires
38:44 Halberdier
40:39 Chemistry
39:41 Padded Archer Armor
43:13 Yeomen
43:14 Conscription
45:39 Elite Skirmisher
Apep
9:00 Feudal Age
8:09 Loom
9:44 Double-Bit Axe
10:48 Horse Collar
19:10 Castle Age
20:45 Bow Saw
23:02 Wheelbarrow
23:01 Gold Mining
25:05 Hand Cart
29:03 Imperial Age
26:26 Fletching
26:02 Elite Skirmisher
26:53 Padded Archer Armor
27:20 Bodkin Arrow
31:01 Chemistry
30:20 Bracer
31:42 Ballistics
32:14 Leather Archer Armor
36:12 Ring Archer Armor
37:30 Pikeman
Viet Nam Strategy
6:49 Loom
9:06 Feudal Age
8:14 Double-Bit Axe
10:17 Bow Saw
19:06 Castle Age
17:26 Horse Collar
17:37 Gold Mining
17:38 Stone Mining
19:04 Heavy Plow
20:17 Wheelbarrow
21:12 Two-Man Saw
23:29 Hand Cart
29:27 Scale Barding Armor
29:41 Husbandry
32:17 Imperial Age
30:34 Gold Shaft Mining
30:35 Stone Shaft Mining
31:04 Chain Barding Armor
30:55 Forging
31:27 Burgundian Vineyards
32:33 Crop Rotation
32:14 Caravan
32:46 Coinage
32:19 Elite Coustillier
33:27 Conscription
33:54 Plate Barding Armor
34:10 Iron Casting
36:39 Banking
36:19 Guilds
38:03 Blast Furnace
37:31 Squires
37:17 Arson
37:10 Pikeman
37:56 Scale Mail Armor
38:10 Halberdier
40:02 Chain Mail Armor
41:22 Plate Mail Armor
44:44 Guilds
Connection lost

Rejoining the realm…

Still unreachable

The connection could not be restored.

Session expired

The server has moved on; the page needs a fresh start.